 Dungeon Crawl Stone Soup version 0.14-a0-2443-g5aee772 (webtiles) character file.

1792 Kae the Covert (level 8, -1/36 HPs)
             Began as a Spriggan Enchanter on Feb 6, 2014.
             Was an Initiate of Dithmengos.
             Killed from afar by an orc wizard (11 damage)
             ... with a puff of flame
             ... on Level 6 of the Dungeon.
             The game lasted 00:09:35 (6650 turns).

Kae the Covert (Spriggan Enchanter)                 Turns: 6650, Time: 00:09:36

HP  -1/36        AC  4     Str  6      XL: 8   Next: 47%
MP   9/24        EV 18     Int 16      God: Dithmengos [......]
Gold 334         SH  0     Dex 17      Spells:  3 memorised, 11 levels left

rFire  . . .     SeeInvis +     a - +1 dagger
rCold  . . .     Clarity  .     b - +1 robe
rNeg   . . .     Conserve .     (shield restricted)
rPois  .         rCorr    .     (helmet restricted)
rElec  .         rRot     .     t - +0 elf cloak
SustAb . .       Spirit   .     (gloves unavailable)
rMut   .         Warding  .     (boots unavailable)
Saprov . . .     Stasis   .     (no amulet)
MR     +....                    (no ring)
                                (no ring)

@: very quick, somewhat resistant to hostile enchantments, extremely stealthy
A: unfitting armour, see invisible, herbivore 3, speed 3, slow metabolism 2
a: Renounce Religion


You were on level 6 of the Dungeon.
You worshipped Dithmengos.
Dithmengos was noncommittal.
You were near starving.

You visited 1 branch of the dungeon, and saw 6 of its levels.

You collected 334 gold pieces.

Inventory:

Hand weapons
 a - a +1,+1 dagger (weapon)
Missiles
 d - 99 darts (quivered)
 F - 8 darts of frost
Armour
 b - a +1 robe (worn)
 t - a +0 elven cloak (worn)
Magical devices
 o - a wand of flame (10) {unknown}
 y - a wand of cold (12) {unknown}
 E - a wand of confusion (13) {unknown}
Comestibles
 i - 5 bread rations
 l - 2 apples
 s - a pear
 z - an orange
 B - a choko
 G - a slice of pizza
Scrolls
 e - a scroll of noise {unknown}
 f - 11 scrolls of identify {unknown}
 h - a scroll of enchant weapon II {unknown}
 j - 5 scrolls of teleportation {unknown}
 m - a scroll of immolation {unknown}
 v - a scroll of curse jewellery {unknown}
 w - a scroll of curse weapon {unknown}
 D - a scroll of magic mapping {unknown}
Jewellery
 n - an uncursed ring of fire {unknown}
 I - an uncursed ring of wizardry {unknown}
Potions
 g - a potion of confusion {unknown}
 k - 3 potions of curing {unknown}
 p - a potion of agility {unknown}
 q - a potion of paralysis {unknown}
 r - a potion of speed {unknown}
 u - 2 potions of flight {unknown}
 x - 2 potions of brilliance {unknown}
 A - a potion of lignification {unknown}
 C - a potion of poison {unknown}
 H - a potion of resistance {unknown}
Books
 c - a book of Maledictions

   Spells                             Type                      Level
   *Corona                            Hexes                        1
   Sure Blade                         Hexes/Charms                 2
   *Ensorcelled Hibernation           Hexes/Ice                    2
   *Confuse                           Hexes                        3
   Enslavement                        Hexes                        4
   Invisibility                       Hexes                        6


   Skills:
 * Level 6.7 Short Blades
 - Level 1.1 Throwing
 - Level 3.0 Dodging
 * Level 10.1 Stealth
 + Level 5.2 Spellcasting
 + Level 6.5 Hexes


You had 11 spell levels left.
You knew the following spells:

 Your Spells              Type           Power        Failure   Level  Hunger
a - Corona                Hex            ####...      1%          1    None
b - Ensorcelled Hibernat  Hex/Ice        ##....       8%          2    #......
c - Confuse               Hex            ####....     3%          3    ###....


Dungeon Overview and Level Annotations

Branches:
Dungeon (6/16)
 Temple: D:4-7

Altars:
Ashenzari
Dithmengos
Elyvilon
Nemelex Xobeh

Annotations:
D:6 Menkaure


Innate Abilities, Weirdness & Mutations

You are tiny and cannot use many weapons and most armour.
You have supernaturally acute eyesight.
You are a herbivore.
You cover ground extremely quickly.
You need consume almost no food.


Message History

You kill the orc priest!
Dithmengos accepts your kill.
The orc wizard hits you with an orcish dagger!
* * * LOW HITPOINT WARNING * * *
The orc closely misses you.
Casting: Confuse
Confirm with . or Enter, or press ? or * to list all spells.
Aiming: Ensorcelled Hibernation
Press: ? - help, Shift-Dir - straight line, f - orc
Aim: an orc wearing an orcish leather armour The orc looks drowsy...
The orc wizard barely misses you. The orc wizard casts a spell at you.
The puff of flame misses you.
The helpless orc fails to defend itself.
You slice the orc like a ripe choko!!!
You kill the orc!
Dithmengos accepts your kill. The orc wizard casts a spell at you.
The puff of flame hits you!
You die... ####### ####### #.....# # ......# #.....# ... ......######.%...# ooo.

......'...##...).# ####..o..
......###.##....@####..'.o....
......# #.......o[....# .M.
......# ####.....###### ..
#'##### #.....# #'# #.#
#.....# .. #.### ####.## #.##
#...# #.# ..# ###.# #.#
########.# ###'### #.#
#.......[.


You could see an orc wizard.

Vanquished Creatures
  2 orc warriors (D:6)
  A sky beast (D:6)
  A phantom (D:6)
  2 centaurs
  A giant frog (D:6)
  4 crimson imps
  An orc priest (D:6)
  3 hounds
  A jelly (D:5)
  2 centaur skeletons
  3 orc wizards
  A scorpion (D:4)
  3 worker ants
  An ogre skeleton (D:4)
  The ghost of timbw the Ruffian, a weakling VSMo (D:3)
  9 adders
  4 gnolls (D:4)
  2 orc zombies
  An orc skeleton (D:5)
  An inept feature mimic (D:6)
  2 giant mites
  7 worms
  5 giant geckos
  2 oozes
  12 orcs
  8 bats
  3 giant cockroaches
  15 hobgoblins
  3 jackals (D:4)
  5 quokkas
  3 ball pythons
  A giant cockroach zombie (D:5)
  A giant gecko zombie (D:6)
  5 giant newts
  11 goblins
  2 goblin skeletons
  A hobgoblin skeleton (D:5)
  8 kobolds
  A kobold skeleton (D:5)
  16 rats
155 creatures vanquished.

Notes
Turn   | Place    | Note
--------------------------------------------------------------
     0 | D:1      | Kae, the Spriggan Enchanter, began the quest for the Orb.
     0 | D:1      | Reached XP level 1. HP: 9/9 MP: 4/4
   578 | D:1      | Reached XP level 2. HP: 13/13 MP: 7/7
   633 | D:1      | Learned a level 2 spell: Ensorcelled Hibernation
   870 | D:1      | Reached skill level 4 in Stealth
  1464 | D:2      | Found a shattered altar of Ashenzari.
  1496 | D:2      | Reached XP level 3. HP: 3/16 MP: 3/9
  2034 | D:3      | Reached skill level 5 in Stealth
  2373 | D:3      | Reached XP level 4. HP: 9/21 MP: 8/13
  2615 | D:3      | Noticed timbw's ghost (weakling VSMo)
  2624 | D:3      | Learned a level 3 spell: Confuse
  3027 | D:3      | Killed timbw's ghost
  3027 | D:3      | Reached XP level 5. HP: 24/24 MP: 8/16
  3427 | D:4      | Reached skill level 6 in Stealth
  3602 | D:4      | Found a sparkling altar of Nemelex Xobeh.
  3706 | D:4      | Reached XP level 6. HP: 26/28 MP: 7/18
  4047 | D:4      | Found a white marble altar of Elyvilon.
  4047 | D:4      | Found a sparkling altar of Nemelex Xobeh.
  4561 | D:4      | Reached skill level 5 in Hexes
  4673 | D:5      | Entered Level 5 of the Dungeon
  4782 | D:5      | Reached skill level 7 in Stealth
  4840 | D:5      | Reached XP level 7. HP: 18/32 MP: 19/21
  4841 | D:5      | Found a shadowy altar of Dithmengos.
  4849 | D:5      | Became a worshipper of Dithmengos
  5073 | D:5      | Reached skill level 5 in Short Blades
  5217 | D:5      | Reached skill level 8 in Stealth
  5950 | D:6      | Noticed Menkaure
  5967 | D:6      | Reached XP level 8. HP: 36/36 MP: 20/23
  5985 | D:6      | Reached skill level 9 in Stealth
  6125 | D:6      | Reached skill level 5 in Spellcasting
  6635 | D:6      | Reached skill level 10 in Stealth
  6650 | D:6      | Killed from afar by an orc wizard

Action                   |  1- 3 |  4- 6 |  7- 9 || total
-------------------------+-------+-------+-------++-------
Melee: Dagger            |   141 |   274 |   150 ||   565
Throw: Dart              |    12 |     2 |       ||    14
 Cast: Corona            |     4 |     2 |       ||     6
       Ensorcelled Hiber |    11 |    34 |    38 ||    83
       Confuse           |       |     7 |     4 ||    11
  Use: Potion            |       |     1 |       ||     1
 Stab: Sleeping          |    14 |    28 |    40 ||    82
       Confused          |       |     5 |     1 ||     6
       Distracted        |       |       |     1 ||     1
